AoeStats
← CNZS_98T

MegaRandom

507975269Analyzed
4v4 RM · 12d ago on Sep 20, 2026· 42m 26s· 8 players
Game mode
Random Map
Map size
Large (8 player)
Population
200
Speed
Normal
Resources
Standard
Victory
Conquest
Starting age
Dark Age
Ending age
Imperial Age
RankedLock teamsTeams togetherTeam positionsShared explorationLock speedFull tech treeHidden civsTurbo modeCheats
Victory
Defeat
🇨🇳 Poles · China
1944
+14
🇨🇳 Persians · China
1865
+17
🇨🇳 Malians · China
1799
+20
🇨🇳 Saracens · China
1679
+25
🇳🇱 Japanese · Netherlands
1971
-22
🇦🇷 Slavs · Argentina
1916
-20
🇭🇰 Georgians · Hong Kong SAR China
1864
-18
🇨🇳 Malay · China
1814
-16
T
7:30 Loom
9:49 Feudal Age
10:26 Double-Bit Axe
10:45 Fishing Lines
14:08 Horse Collar
24:12 Castle Age
22:43 Bloodlines
23:00 Scale Barding Armor
23:02 Gold Mining
23:48 Forging
24:40 Light Cavalry
30:42 Bow Saw
31:03 Husbandry
34:17 Wheelbarrow
33:46 Stone Mining
36:13 Hand Cart
35:43 Town Watch
40:04 Imperial Age
37:47 Heavy Plow
38:23 Chain Barding Armor
39:04 Iron Casting
39:13 Stone Shaft Mining
41:23 Plate Barding Armor
41:09 Conscription
40:25 Elite Monaspa
42:06 Blast Furnace
CNZS_98T
7:17 Loom
9:51 Feudal Age
10:13 Man-at-Arms
14:39 Double-Bit Axe
15:40 Fletching
22:04 Castle Age
20:52 Padded Archer Armor
21:47 Gold Mining
22:17 Horse Collar
23:18 Wheelbarrow
24:25 Ballistics
23:28 Crossbowman
26:09 Bodkin Arrow
31:18 Husbandry
33:00 Bloodlines
34:37 Bow Saw
36:36 Thumb Ring
42:19 Imperial Age
40:19 Town Watch
40:56 Leather Archer Armor
41:10 Hand Cart
41:41 Heavy Plow
41:07 Pikeman
41:47 Squires
42:03 Scale Mail Armor
Fish
8:17 Loom
10:11 Feudal Age
14:59 Castle Age
13:19 Double-Bit Axe
13:40 Horse Collar
14:33 Bloodlines
15:53 Bow Saw
18:27 Husbandry
22:21 Town Watch
23:36 Scale Barding Armor
25:17 Wheelbarrow
28:16 Forging
29:18 Chain Barding Armor
30:30 Iron Casting
32:07 Hand Cart
37:30 Imperial Age
37:35 Cavalier
40:21 Plate Barding Armor
42:50 Blast Furnace
十大地方
8:27 Loom
10:44 Feudal Age
10:23 Double-Bit Axe
14:59 Gold Mining
15:34 Fletching
23:30 Castle Age
22:39 Padded Archer Armor
22:33 Crossbowman
24:10 Bodkin Arrow
26:20 Ballistics
28:43 Wheelbarrow
27:53 Town Watch
29:04 Leather Archer Armor
32:03 Hand Cart
37:31 Imperial Age
37:02 Bracer
38:09 Elite Skirmisher
38:12 Arbalester
RTMaxwell
6:46 Loom
9:34 Feudal Age
11:52 Fletching
14:54 Double-Bit Axe
16:44 Horse Collar
17:14 Town Watch
18:40 Padded Archer Armor
22:43 Castle Age
21:13 Gold Mining
22:45 Crossbowman
23:20 Bodkin Arrow
24:13 Wheelbarrow
25:06 Ballistics
26:24 Bow Saw
28:04 Heavy Plow
31:39 Hand Cart
31:31 Scale Barding Armor
33:06 Chain Barding Armor
33:35 Szlachta Privileges
34:10 Bloodlines
34:16 Husbandry
37:09 Forging
39:24 Iron Casting
44:29 Imperial Age
43:04 Caravan
邪恶菜菜虎
6:48 Loom
7:10 Loom
9:51 Feudal Age
10:36 Double-Bit Axe
19:00 Horse Collar
21:26 Castle Age
19:55 Bloodlines
20:03 Scale Mail Armor
20:09 Scale Barding Armor
20:54 Forging
21:02 Gold Mining
22:10 Husbandry
22:35 Chain Barding Armor
22:32 Bow Saw
24:03 Wheelbarrow
34:01 Heavy Plow
40:23 Imperial Age
38:48 Gold Shaft Mining
38:36 Stone Mining
41:11 Iron Casting
40:26 Cavalier
41:46 Plate Barding Armor
41:47 Iron Casting
41:37 Conscription
爱种田的太奶
7:05 Loom
9:32 Feudal Age
15:02 Fletching
33:03 Castle Age
30:57 Horse Collar
34:27 Double-Bit Axe
OX
9:52 Feudal Age
10:22 Double-Bit Axe
11:33 Loom
13:55 Horse Collar
14:55 Scale Barding Armor
16:47 Fishing Lines
18:01 Wheelbarrow
21:03 Castle Age
19:28 Bloodlines
20:23 Wheelbarrow
20:08 Forging
20:00 Gold Mining
21:42 Bow Saw
21:35 Husbandry
22:38 Chain Barding Armor
23:09 Wheelbarrow
24:24 Heavy Plow
28:53 Hand Cart
32:37 Gold Shaft Mining
31:53 Stone Mining
32:11 Town Watch
35:51 Imperial Age
34:08 Iron Casting
35:29 Devotion
35:33 Cavalier
36:56 Plate Barding Armor
36:35 Caravan
37:02 Savar
39:24 Blast Furnace
39:12 Guilds
39:32 Conscription
42:08 Crop Rotation
42:51 Fletching
Connection lost

Rejoining the realm…

Still unreachable

The connection could not be restored.

Session expired

The server has moved on; the page needs a fresh start.